 Dungeon Crawl Stone Soup version 0.30-a0-377-g5cb311bc9f (webtiles) character file.

Game seed: 14433719348351793061

85 PyroL the Grave Robber (level 4, 0/30 HPs)
             Began as a Demonspawn Necromancer on Nov 28, 2022.
             Slain by Robin
             ... wielding a +0 falchion
              (4 damage)
             ... on level 2 of the Dungeon.
             The game lasted 00:04:49 (1683 turns).

PyroL the Grave Robber (Demonspawn Necromancer)     Turns: 1683, Time: 00:04:50

Health: 0/30       AC:  2    Str:  8    XL:     4   Next: 25%
Magic:  2/8        EV: 14    Int: 18    God:
Gold:   106        SH:  0    Dex: 14    Spells: 1/9 levels left

rFire   . . .      SeeInvis .    j - +2 dagger (drain)
rCold   . . .      Faith    .    (no shield)
rNeg    . . .      Spirit   .    a - +0 robe
rPois   .          Reflect  .    (no helmet)
rElec   .          Harm     .    (no cloak)
rCorr   .          Rampage  .    (no gloves)
Will    .....                    (no boots)
Stlth   ++........               (no amulet)
HPRegen 0.25/turn                (no ring)
MPRegen 0.11/turn                (no ring)

@: animating dead
A: repulsion field 1, foul stench 1, powered by pain 1
a: no special abilities


You were on level 2 of the Dungeon.
You visited 1 branch of the dungeon, and saw 2 of its levels.

You collected 106 gold pieces.

Inventory:

Hand Weapons
 j - a +2 dagger of draining (weapon)
Missiles
 g - 8 curare-tipped darts
 i - 4 silver javelins
Armour
 a - a +0 robe (worn)
Scrolls
 e - a scroll of fear {unknown}
 h - 3 scrolls of identify {unknown}
 k - a scroll of immolation {unknown}
Potions
 b - a potion of magic
 c - 2 potions of invisibility
 d - a potion of mutation {unknown}
 f - a potion of heal wounds {unknown}
 l - a potion of brilliance {unknown}


   Skills:
 - Level 1.8 Dodging
 - Level 1.8 Stealth
 + Level 3.2 Spellcasting
 + Level 5.4 Necromancy


You had one spell level left.
You knew the following spells:

 Your Spells              Type           Power      Damage    Failure   Level
a - Necrotise             Necr           88%        1d8       1%          1
b - Vampiric Draining     Necr           22%        2d7       4%          3
c - Animate Dead          Necr           22%        N/A       17%         4

Your spell library contained the following spells:

 Spells                   Type           Power      Damage    Failure   Level
 Agony                    Necr           22%        N/A       43%         5


Dungeon Overview and Level Annotations

Branches:
Dungeon (2/15)

Altars:

Annotations:
D:2 Robin


Innate Abilities, Weirdness & Mutations

You are surrounded by a mild repulsion field. (EV +2)
You may rarely emit foul miasma when damaged in melee.
You sometimes gain a little power by taking damage.


Message History

The dead are walking!
The goblin writhes in agony.
You kill the goblin!
The dead are walking!
You are out of magic!
Your goblin zombie hits the hobgoblin but does no damage.
Your goblin zombie hits the hobgoblin but does no damage.
A goblin comes into view. It is wielding a +0 dagger.
You hit the hobgoblin. You drain the hobgoblin.
You kill the hobgoblin!
Something hits your goblin zombie!
Something barely misses your goblin zombie.
Things that are here:
a +2 dagger of speed; a +0 animal skin; a hobgoblin corpse
Okay, then.
Something hits your goblin zombie!
Your goblin zombie is destroyed!
The goblin hits your goblin zombie with a +0 dagger.
Your goblin zombie barely misses the goblin.
Something hits you.
You hit the goblin.
You kill the goblin!
The dead are walking!
Something hits you!
You swap places.
Something hits your goblin skeleton!
Your goblin skeleton is destroyed!
Things that are here:
a +0 club; a scroll labelled ZOABIH WOZAR Something hits you.
Something hits you.
* * * LOW HITPOINT WARNING * * *
Things that are here:
a +2 dagger of speed; a +0 animal skin; a hobgoblin corpse Something hits you.
* * * LOW HITPOINT WARNING * * *
Your goblin zombie barely misses something.
Something hits you.
* * * LOW HITPOINT WARNING * * *
You emit a cloud of foul miasma!
Something hits you.
You die...

..# #........# ..# #........#
..# #<.......# ..#########
#........# ....##....#
#........# ..#.......#
####........# ..####....#####
#...........#
..##....#.....######.##.########
...............#@.....)..##
.#............Z.....>.....##
.#.........).)☼............#
..........)..Z)............#
...........................#
#...............#.........##
................##)......##
...####.........#####.####
....###.........#......#


You could see 2 friendly goblin zombies.

Vanquished Creatures
  2 adders (D:2)
  A dart slug (D:1)
  A ball python (D:2)
  3 bats
  7 endoplasms
  2 giant cockroaches
  13 goblins
  9 hobgoblins
  2 jackals (D:1)
  6 kobolds
  A quokka (D:1)
  3 rats
50 creatures vanquished.

Vanquished Creatures (collateral kills)
  A dart slug (D:1)
  A bat (D:2)
2 creatures vanquished.

Vanquished Creatures (others)
  A goblin zombie (D:2)
1 creature vanquished.

Grand Total: 53 creatures vanquished

Notes
Turn   | Place    | Note
-------+----------+-------------------------------------------
     0 | D:1      | PyroL the Demonspawn Necromancer began the quest for the
                  | Orb.
     0 | D:1      | Reached XP level 1. HP: 13/13 MP: 3/3
   391 | D:1      | Gained mutation: You are surrounded by a mild repulsion
                  | field. (EV +2) [demonic ancestry]
   391 | D:1      | Reached XP level 2. HP: 19/19 MP: 0/5
  1028 | D:2      | Gained mutation: You sometimes gain a little power by
                  | taking damage. [demonic ancestry]
  1028 | D:2      | Reached XP level 3. HP: 23/24 MP: 0/6
  1159 | D:2      | Reached skill level 5 in Necromancy
  1333 | D:2      | Learned a level 3 spell: Vampiric Draining
  1366 | D:2      | Gained mutation: You may rarely emit foul miasma when
                  | damaged in melee. [demonic ancestry]
  1366 | D:2      | Reached XP level 4. HP: 27/30 MP: 3/8
  1481 | D:2      | Learned a level 4 spell: Animate Dead
  1663 | D:2      | Identified the +3 leather armour of Xykemis {Slay+2}
  1663 | D:2      | Identified the +1 helmet of Sougas {rN+}
  1663 | D:2      | Noticed Robin
  1683 | D:2      | Slain by Robin

Illustrated notes

Levels and vault maps discovered:
D:1:      dpeg_arrival_simpleton_a, layout_basic, minmay_tetromino_t2
D:2:      layout_rooms, basic_altar, uniq_robin

Skill      XL: |  1  2  3 |
---------------+----------+-----
Necromancy     | 5 |  5.4
Spellcasting   | 3 |  3.2
Dodging        | |  1.8
Stealth        | |  1.8

Action                   |  1- 3 |  4- 6 || total
-------------------------+-------+-------++-------
Melee: Dagger            |    45 |     3 ||    48
       Punch             |     1 |       ||     1
 Cast: Necrotise         |    45 |    14 ||    59
       Animate Dead      |       |     1 ||     1
Armor: Robe              |    13 |       ||    13
Dodge: Dodged            |    46 |       ||    46

Table legend: (Time is in decaauts)
 A = Elapsed time spent in this place.
 B = Non-inter-level travel time spent in this place.
 C = Inter-level travel time spent in this place.
 D = Time resting spent in this place.
 E = Time spent auto-exploring this place.
 F = Levels seen in this place.
 G = Mean time per level.
                   A        B        C        D        E       F      G
               +--------+--------+--------+--------+--------+-----+--------+
         Total |   1681 |   1659 |     22 |      0 |   1378 |   2 |  840.5 |
       Dungeon |   1681 |   1659 |     22 |      0 |   1378 |   2 |  840.5 |
               +--------+--------+--------+--------+--------+-----+--------+

Top non-repeatable levels by time:
     D:1: 1012 daAuts
     D:2: 669 daAuts
